 Dungeon Crawl Stone Soup version 0.29-a0-322-g68df515428 (webtiles) character file.

Game seed: 13510278630430222436

420 chopper the Covered (level 6, -5/56 HPs)
             Began as a Minotaur Fighter on Apr 6, 2022.
             Slain by Pikel
             ... wielding a +1 whip of flaming
              (9 damage)
             ... on level 4 of the Dungeon on Apr 7, 2022.
             The game lasted 00:18:33 (3932 turns).

chopper the Covered (Minotaur Fighter)              Turns: 3932, Time: 00:18:33

Health: -5/56      AC:  8    Str: 26    XL:     6   Next: 62%
Magic:  5/5        EV: 10    Int:  5    God:
Gold:   197        SH:  5    Dex: 12    Spells: 5/5 levels left

rFire   . . .      SeeInvis .   a - +0 war axe
rCold   . . .      Faith    .   c - +0 buckler
rNeg    . . .      Spirit   .   b - +0 scale mail
rPois   .          Reflect  .   (helmet restricted)
rElec   .          Harm     .   (no cloak)
rCorr   .          Rampage  .   (no gloves)
Will    .....                   q - +0 pair of boots
Stlth   ..........              (no amulet)
HPRegen 0.18/turn               j - +6 ring of strength
MPRegen 0.09/turn               (no ring)

@: about to teleport
A: horns 2, retaliatory headbutt
a: no special abilities


You were on level 4 of the Dungeon.
You visited 1 branch of the dungeon, and saw 4 of its levels.

You collected 197 gold pieces.

Inventory:

Hand Weapons
 a - a +0 war axe (weapon)
Armour
 b - a +0 scale mail (worn)
 c - a +0 buckler (worn)
 q - a +0 pair of boots (worn)
Jewellery
 j - a +6 ring of strength (left hand)
 r - an amulet of magic regeneration
Scrolls
 f - 2 scrolls of noise
 k - a scroll of summoning {unknown}
 o - a scroll of fog {unknown}
 s - 2 scrolls of immolation
 t - a scroll of enchant weapon {unknown}
Potions
 d - a potion of might
 e - a potion of degeneration {unknown}
 g - 3 potions of ambrosia
 i - 4 potions of attraction
 l - a potion of heal wounds
 m - a potion of curing {unknown}
 p - a potion of berserk rage {unknown}
 u - a potion of mutation {unknown}


   Skills:
 + Level 5.0 Fighting
 + Level 5.2 Axes
 + Level 5.8 Armour
 + Level 1.0 Dodging
 + Level 0.6 Stealth
 + Level 4.6 Shields


You had 5 spell levels left.
You didn't know any spells.
Your spell library contained the following spells:

 Spells                   Type           Power      Damage    Failure   Level
 Gell's Gravitas          Tloc           0%         N/A       99%         3
 Lesser Beckoning         Tloc           0%         N/A       99%         3
 Teleport Other           Tloc           0%         N/A       99%         3


Dungeon Overview and Level Annotations

Branches:
Dungeon (4/15)
 Temple: D:4-7

Altars:
Cheibriados
Makhleb
Nemelex Xobeh
Uskayaw
Xom
Yredelemnul

Annotations:
D:4 Pikel


Innate Abilities, Weirdness & Mutations

You have a pair of horns on your head.
You reflexively headbutt those who attack you in melee.


Message History

You closely miss the lemure. You headbutt the lemure.
The lemure is heavily wounded.
You hit Pikel but do no damage. You closely miss the lemure.
Pikel hits you with a +1 whip of flaming.
Pikel burns you. You block the lemure's attack.
The lemure hits you but does no damage.
You slash Pikel!
Pikel is moderately wounded.
You closely miss the lemure. You completely miss the lemure.
Pikel hits you but does no damage. The lemure hits you but does no damage.
The lemure hits you!
You closely miss Pikel.
Pikel is moderately wounded.
You slash the lemure! You completely miss the lemure.
You block the lemure's attack. The lemure closely misses you.
Pikel drinks a potion.
Pikel seems to grow stronger.
You block the lemure's attack.
Pikel hits you with a +1 whip of flaming!
* * * LOW HITPOINT WARNING * * *
Pikel burns you.
* * * LOW HITPOINT WARNING * * *
The lemure hits you.
* * * LOW HITPOINT WARNING * * *
You feel much better. Pikel barely misses you. The lemure hits you. x2
As you read the scroll labelled ECISMO SORUAR, it crumbles to dust.
You feel strangely unstable.
It was a scroll of teleportation.
Pikel hits you with a +1 whip of flaming.
* * * LOW HITPOINT WARNING * * *
Pikel burns you.
* * * LOW HITPOINT WARNING * * *
The lemure barely misses you. The lemure hits you but does no damage.
The lemure attacks as you move away! The lemure barely misses you.
Pikel attacks as you move away!
Pikel hits you with a +1 whip of flaming!
* * * LOW HITPOINT WARNING * * *
Pikel burns you.
* * * LOW HITPOINT WARNING * * *
Pikel attacks as you move away!
Pikel hits you with a +1 whip of flaming!
You die...

+.........+...........
#.........##.#...##.##
#.......# #........##
#..>..# ###.......#
#..5# #.#.###.# #5#
#.#.# #.# #5# #.#.#
#.# #K# #...# #.#
##@## #..## #.#
####...### #..# #.#
#........# #..####.#
#.##...#.# #.......# #
##.##.######.######
#...........#
.....##.########
.######.# ..#


You could see Pikel (strong) and 3 lemures.

Vanquished Creatures
  Sigmund (D:4)
  An ice beast (D:3)
  2 iguanas (D:4)
  Robin (D:4)
  A gnoll (D:1)
  3 adders
  A worm (D:2)
  A dart slug (D:1)
  3 endoplasms
  3 giant cockroaches
  10 hobgoblins
  6 kobolds
  2 quokkas (D:2)
  6 ball pythons
  2 bats
  A frilled lizard (D:2)
  17 goblins
  7 rats
68 creatures vanquished.

Notes
Turn   | Place    | Note
-------+----------+-------------------------------------------
     0 | D:1      | chopper the Minotaur Fighter began the quest for the Orb.
     0 | D:1      | Reached XP level 1. HP: 19/19 MP: 0/0
    60 | D:1      | Reached XP level 2. HP: 27/27 MP: 1/1
   580 | D:2      | Reached XP level 3. HP: 29/33 MP: 2/2
   844 | D:1      | Found a faded altar of an unknown god.
  1403 | D:2      | Identified the +1 whip of Xoliag {freeze, rC+}
  2036 | D:3      | Reached XP level 4. HP: 30/40 MP: 3/3
  2365 | D:3      | Found a sparkling altar of Nemelex Xobeh.
  2379 | D:3      | Found a snail-covered altar of Cheibriados.
  2379 | D:3      | Found a burning altar of Makhleb.
  2379 | D:3      | Found a hide-covered altar of Uskayaw.
  2382 | D:3      | Found a basalt altar of Yredelemnul.
  2384 | D:3      | Found a shimmering altar of Xom.
  3262 | D:3      | Noticed an ice beast
  3271 | D:3      | Killed an ice beast
  3272 | D:3      | Reached skill level 5 in Armour
  3272 | D:3      | Reached XP level 5. HP: 42/47 MP: 4/4
  3423 | D:4      | Noticed Sigmund
  3432 | D:4      | Killed Sigmund
  3433 | D:4      | Reached skill level 5 in Fighting
  3433 | D:4      | Reached skill level 5 in Axes
  3433 | D:4      | Reached XP level 6. HP: 40/56 MP: 5/5
  3436 | D:4      | Reached skill level 1 in Dodging
  3549 | D:4      | Noticed Robin
  3602 | D:4      | Killed Robin
  3919 | D:4      | Noticed Pikel
  3932 | D:4      | Slain by Pikel

Illustrated notes

Levels and vault maps discovered:
D:1:      mrwooster_arrival_statue_2, layout_basic,
          hellmonk_ecumenical_altar_leap_of_faith
D:2:      layout_basic, minmay_pentomino_q2
D:3:      layout_basic, minitemple
D:4:      layout_loops_corners, good_gods_mini_temple, uniq_sigmund,
          uniq_edmund, uniq_robin, uniq_pikel, uniq_ijyb

Skill      XL: |  1  2  3  4  5  6 |
---------------+-------------------+-----
Armour         | 4 5 |  5.8
Shields        | 4 |  4.6
Fighting       | 4 5 |  5.0
Axes           | 3 4 5 |  5.2
Dodging        | 1 |  1.0
Stealth        | |  0.6

Action                   |  1- 3 |  4- 6 || total
-------------------------+-------+-------++-------
Melee: War axe           |    53 |    89 ||   142
       Headbutt          |     4 |    14 ||    18
  Use: Scroll            |       |     6 ||     6
       Potion            |       |     1 ||     1
Armor: Scale mail        |    39 |    40 ||    79
Dodge: Dodged            |    41 |    39 ||    80
Block: Buckler           |    12 |    28 ||    40

Table legend: (Time is in decaauts)
 A = Elapsed time spent in this place.
 B = Non-inter-level travel time spent in this place.
 C = Inter-level travel time spent in this place.
 D = Time resting spent in this place.
 E = Time spent auto-exploring this place.
 F = Levels seen in this place.
 G = Mean time per level.
                   A        B        C        D        E       F      G
               +--------+--------+--------+--------+--------+-----+--------+
         Total |   3983 |   3979 |      4 |    313 |      0 |   4 |  995.8 |
       Dungeon |   3983 |   3979 |      4 |    313 |      0 |   4 |  995.8 |
               +--------+--------+--------+--------+--------+-----+--------+

Top non-repeatable levels by time:
     D:3: 1415 daAuts
     D:2: 1048 daAuts
     D:1: 980 daAuts
     D:4: 539 daAuts
